MLB
CINCINNATI REDS @ CLEVELAND GUARDIANS
09/24/2048
 
TOP OF THE 1ST
Cincinnati Reds batting - Pitching for Cleveland Guardians : RHP Ben Sedlacek
Pitching: RHP Ben Sedlacek
Batting: LHB Ricky Ayon 0-0: Ball
1-0: Ball
2-0: Called Strike
2-1: Bunt for hit to 15S - play at first, batter safe!
Batting: SHB Dave Barefoot 0-0: Ball
Ricky Ayon steals 2nd base
1-0: Called Strike
1-1: Ball
2-1: Ball
3-1: Called Strike
3-2: Base on Balls
Batting: SHB Jun Tsuda 0-0: Ball
1-0: SINGLE (Groundball, 34D, EV 105.6 MPH)
Ricky Ayon to third
Dave Barefoot to second
Batting: LHB Chris Grunwald 0-0: Called Strike
0-1: Ball
1-1: Ball
2-1: Foul Ball, location: 2F
2-2: Fly out, F4 (Popup, 4M, EV 75.0 MPH)
Batting: RHB Fred Slade 0-0: Ball
1-0: Ball
2-0: Foul Ball, location: 2F
2-1: Called Strike
2-2: SINGLE (Groundball, 56D, EV 98.1 MPH)
Ricky Ayon scores
Dave Barefoot to third
Jun Tsuda to second
Runner from 3rd tries for Home, SAFE, throw by LF to home
Batting: RHB Steve Castleberry 0-0: Ball
1-0: Foul Ball, location: 2F
1-1: Called Strike
1-2: Strikes out looking
Batting: RHB Willie Lazcano 0-0: Swinging Strike
0-1: Foul Ball, location: 2F
0-2: Ball
1-2: Strikes out swinging
Top of the 1st over - 2 runs, 3 hits, 0 errors, 2 left on base; Cincinnati 2 - Cleveland 0
BOTTOM OF THE 1ST
Cleveland Guardians batting - Pitching for Cincinnati Reds : LHP Brad Jonas
Pitching: LHP Brad Jonas
Batting: LHB Arvin Dungca 0-0: Called Strike
0-1: Ball
1-1: Ball
2-1: Foul Ball, location: 2F
2-2: Fly out, F7 (Flyball, 78S, EV 88.8 MPH)
Batting: RHB Christian Blue 0-0: Ball
1-0: Called Strike
1-1: Ball
2-1: Foul Ball, location: 2F
2-2: Ball
3-2: Ground out 6-3 (Groundball, 56D, EV 80.6 MPH)
Batting: RHB Nick Ogle 0-0: Called Strike
0-1: Swinging Strike
0-2: Foul Ball, location: 2F
0-2: Ball
1-2: Foul Ball, location: 2F
1-2: Foul Ball, location: 2F
1-2: Ball
2-2: Ball
3-2: Base on Balls
Batting: LHB Danny Dunham 0-0: Ground out U3 (Groundball, 3S, EV 92.5 MPH)
Bottom of the 1st over - 0 runs, 0 hits, 0 errors, 1 left on base; Cincinnati 2 - Cleveland 0
TOP OF THE 2ND
Cincinnati Reds batting - Pitching for Cleveland Guardians : RHP Ben Sedlacek
Batting: RHB Joseph Kirchmann 0-0: Swinging Strike
0-1: Ball
1-1: Foul Ball, location: 2F
1-2: Ball
2-2: Strikes out swinging
Batting: RHB Omar Quintana 0-0: Called Strike
0-1: Ball
1-1: Foul Ball, location: 2F
1-2: Ball
2-2: Strikes out swinging
Batting: LHB Ricky Ayon 0-0: Foul Ball, location: 2F
0-1: Swinging Strike
0-2: Ball
1-2: Fly out, F9 (Flyball, 89M, EV 85.6 MPH)
Top of the 2nd over - 0 runs, 0 hits, 0 errors, 0 left on base; Cincinnati 2 - Cleveland 0
BOTTOM OF THE 2ND
Cleveland Guardians batting - Pitching for Cincinnati Reds : LHP Brad Jonas
Batting: RHB Jasper Burd 0-0: Ball
1-0: Ball
2-0: Foul Ball, location: 2F
2-1: Swinging Strike
2-2: Ball
3-2: Foul Ball, location: 2F
3-2: SINGLE (Groundball, 4, EV 93.8 MPH)
Batting: LHB Jim Keefe 0-0: Grounds into double play, 3-6-3 (Groundball, 3, EV 105.6 MPH)
Batting: RHB Rick O'Reilly 0-0: Ball
1-0: Ball
2-0: Ball
3-0: Called Strike
3-1: Base on Balls
Batting: LHB Jack Bell 0-0: Called Strike
0-1: Swinging Strike
0-2: Ball
1-2: Strikes out looking
Bottom of the 2nd over - 0 runs, 1 hit, 0 errors, 1 left on base; Cincinnati 2 - Cleveland 0
TOP OF THE 3RD
Cincinnati Reds batting - Pitching for Cleveland Guardians : RHP Ben Sedlacek
Batting: SHB Dave Barefoot 0-0: Called Strike
0-1: Ball
1-1: Ball
2-1: Foul Ball, location: 2F
2-2: Ball
3-2: Fly out, F7 (Line Drive, 7, EV 104.4 MPH)
Batting: SHB Jun Tsuda 0-0: Ball
1-0: Ball
2-0: Called Strike
2-1: Ball
3-1: Called Strike
3-2: Foul Ball, location: 2F
3-2: Foul Ball, location: 2F
3-2: Strikes out swinging
Batting: LHB Chris Grunwald 0-0: Called Strike
0-1: Ball
1-1: Ball
2-1: Ball
3-1: Base on Balls
Batting: RHB Fred Slade 0-0: Ball
1-0: Foul Ball, location: 2F
1-1: SINGLE (Groundball, 56D, EV 108.1 MPH) (infield hit)
Chris Grunwald to second
Batting: RHB Steve Castleberry 0-0: Called Strike
0-1: SINGLE (Line Drive, 7LS, EV 94.4 MPH)
Chris Grunwald to third
Fred Slade to second
Runner from 3rd tries for Home, SAFE, throw by LF to home
Fred Slade to third
Steve Castleberry to second
Batting: RHB Willie Lazcano 0-0: Foul Ball, location: 2F
0-1: Ball
1-1: Ball
2-1: Ball
3-1: Base on Balls
Batting: RHB Joseph Kirchmann 0-0: Called Strike
0-1: Called Strike
0-2: Ball
1-2: SINGLE (Line Drive, 8RS, EV 92.5 MPH)
Fred Slade scores
Steve Castleberry to third
Willie Lazcano to second
Runner from 3rd tries for Home, SAFE, throw by CF to home
Pitching: RHP Matt Zambon
Batting: RHB Omar Quintana 0-0: Called Strike
0-1: Called Strike
0-2: Ball
1-2: Ball
2-2: Ball
3-2: Foul Ball, location: 2F
3-2: Strikes out looking
Top of the 3rd over - 3 runs, 3 hits, 0 errors, 2 left on base; Cincinnati 5 - Cleveland 0
BOTTOM OF THE 3RD
Cleveland Guardians batting - Pitching for Cincinnati Reds : LHP Brad Jonas
Batting: RHB Aaron Matthews 0-0: Ball
1-0: Swinging Strike
1-1: Swinging Strike
1-2: Ground out 5-3 (Groundball, 5, EV 86.2 MPH)
Batting: LHB Arvin Dungca 0-0: Fly out, F8 (Flyball, 8RM, EV 86.9 MPH)
Batting: RHB Christian Blue 0-0: Fly out, F6 (Line Drive, 6M, EV 71.2 MPH)
Bottom of the 3rd over - 0 runs, 0 hits, 0 errors, 0 left on base; Cincinnati 5 - Cleveland 0
TOP OF THE 4TH
Cincinnati Reds batting - Pitching for Cleveland Guardians : RHP Matt Zambon
Batting: LHB Ricky Ayon 0-0: Called Strike
0-1: Swinging Strike
0-2: Foul Ball, location: 2F
0-2: Strikes out looking
Batting: SHB Dave Barefoot 0-0: Foul Ball, location: 2F
0-1: Swinging Strike
0-2: Strikes out looking
Batting: SHB Jun Tsuda 0-0: Ball
1-0: Called Strike
1-1: Ball
2-1: Ball
3-1: Fly out, F2 (Popup, 23F, EV 90.0 MPH)
Top of the 4th over - 0 runs, 0 hits, 0 errors, 0 left on base; Cincinnati 5 - Cleveland 0
BOTTOM OF THE 4TH
Cleveland Guardians batting - Pitching for Cincinnati Reds : LHP Brad Jonas
Batting: RHB Nick Ogle 0-0: Ball
1-0: Ball
2-0: Called Strike
2-1: Fly out, F7 (Line Drive, 7S, EV 98.1 MPH)
Batting: LHB Danny Dunham 0-0: Called Strike
0-1: Ball
1-1: Ball
2-1: Ball
3-1: Base on Balls
Batting: RHB Jasper Burd 0-0: Foul Ball, location: 2F
0-1: Ball
1-1: Foul Ball, location: 2F
1-2: Foul Ball, location: 2F
1-2: Foul Ball, location: 2F
1-2: Grounds into double play, 6-4-3 (Groundball, 6, EV 83.1 MPH)
Bottom of the 4th over - 0 runs, 0 hits, 0 errors, 0 left on base; Cincinnati 5 - Cleveland 0
TOP OF THE 5TH
Cincinnati Reds batting - Pitching for Cleveland Guardians : RHP Matt Zambon
Batting: LHB Chris Grunwald 0-0: Ball
1-0: Called Strike
1-1: Swinging Strike
1-2: Foul Ball, location: 2F
1-2: Strikes out swinging passed ball, reaches first!
Batting: RHB Fred Slade 0-0: Ball
1-0: Ball
Chris Grunwald steals 2nd, throwing error, E2
Chris Grunwald to third
2-0: Ball
3-0: Base on Balls
Batting: RHB Steve Castleberry 0-0: Swinging Strike
0-1: Swinging Strike
0-2: Ball
1-2: Foul Ball, location: 2F
1-2: Ball
2-2: Ball
Wild Pitch!
Chris Grunwald scores
Fred Slade to second
3-2: SINGLE (Groundball, 4M, EV 88.8 MPH) (infield hit)
Fred Slade to third
Batting: RHB Willie Lazcano 0-0: Called Strike
0-1: Ball
1-1: Ball
2-1: DOUBLE (Line Drive, 3D, EV 103.8 MPH)
Fred Slade scores
Steve Castleberry to third
Runner from 3rd tries for Home, throw by RF and OUT! 9-4-2
Batting: RHB Joseph Kirchmann 0-0: Ball
1-0: Swinging Strike
1-1: Ball
2-1: Ball
3-1: Base on Balls
Batting: RHB Omar Quintana 0-0: Ball
1-0: Ball
2-0: Ball
3-0: Base on Balls
Willie Lazcano to third
Joseph Kirchmann to second
Batting: LHB Ricky Ayon 0-0: Called Strike
0-1: Foul Ball, location: 2F
0-2: Strikes out swinging
Batting: SHB Dave Barefoot 0-0: Ball
1-0: Swinging Strike
1-1: Ball
2-1: SINGLE (Groundball, 5S, EV 70.6 MPH) (infield hit)
Willie Lazcano scores
Joseph Kirchmann to third
Omar Quintana to second
Batting: SHB Jun Tsuda 0-0: Called Strike
0-1: Ball
1-1: Ball
2-1: Foul Ball, location: 2F
2-2: Fly out, F7 (Flyball, 78M, EV 85.6 MPH)
Top of the 5th over - 3 runs, 3 hits, 1 error, 3 left on base; Cincinnati 8 - Cleveland 0
BOTTOM OF THE 5TH
Cleveland Guardians batting - Pitching for Cincinnati Reds : LHP Brad Jonas
Batting: LHB Jim Keefe 0-0: Called Strike
0-1: Called Strike
0-2: Foul Ball, location: 2F
0-2: Foul Ball, location: 2F
0-2: Ground out 6-3 (Groundball, 4MD, EV 101.9 MPH)
Batting: RHB Rick O'Reilly 0-0: Foul Ball, location: 2F
0-1: Ball
1-1: Swinging Strike
1-2: Strikes out swinging
Batting: LHB Jack Bell 0-0: Swinging Strike
0-1: Called Strike
0-2: Ball
1-2: Foul Ball, location: 2F
1-2: Strikes out swinging
Bottom of the 5th over - 0 runs, 0 hits, 0 errors, 0 left on base; Cincinnati 8 - Cleveland 0
TOP OF THE 6TH
Cincinnati Reds batting - Pitching for Cleveland Guardians : RHP Matt Zambon
Pitching: LHP Rene Eenkhoorn
Batting: LHB Chris Grunwald 0-0: Called Strike
0-1: Foul Ball, location: 2F
0-2: Ball
1-2: Ball
2-2: Foul Ball, location: 2F
2-2: Foul Ball, location: 2F
2-2: SINGLE (Line Drive, 9S, EV 110.6 MPH)
Batting: RHB Fred Slade 0-0: Ball
1-0: Ball
2-0: Ball
3-0: Base on Balls
Chris Grunwald to second
Batting: RHB Steve Castleberry 0-0: Called Strike
0-1: Called Strike
0-2: Ball
1-2: Fly out, F7 (Flyball, 7, EV 86.2 MPH)
Batting: RHB Willie Lazcano 0-0: Called Strike
0-1: Ball
1-1: Foul Ball, location: 2F
1-2: Ball
2-2: Strikes out swinging
Batting: RHB Joseph Kirchmann 0-0: Foul Ball, location: 2F
0-1: Ball
1-1: Called Strike
1-2: SINGLE (Line Drive, 8LS, EV 104.4 MPH)
Chris Grunwald to third
Fred Slade to second
Batting: RHB Omar Quintana 0-0: Ball
1-0: Called Strike
1-1: SINGLE (Flyball, 34D, EV 91.2 MPH)
Chris Grunwald scores
Fred Slade to third
Joseph Kirchmann to second
Runner from 3rd tries for Home, SAFE, throw by RF to home
Batting: LHB Ricky Ayon 0-0: Called Strike
0-1: Ground out 6-3 (Groundball, 56D, EV 98.8 MPH)
Top of the 6th over - 2 runs, 3 hits, 0 errors, 2 left on base; Cincinnati 10 - Cleveland 0
BOTTOM OF THE 6TH
Cleveland Guardians batting - Pitching for Cincinnati Reds : LHP Brad Jonas
Batting: RHB Aaron Matthews 0-0: Ball
1-0: Called Strike
1-1: Ball
2-1: SINGLE (Groundball, 56D, EV 107.5 MPH)
Batting: LHB Arvin Dungca 0-0: Foul Ball, location: 2F
0-1: Ball
1-1: Swinging Strike
1-2: Strikes out swinging
Batting: RHB Christian Blue 0-0: Ball
Aaron Matthews steals 2nd base
1-0: Ball
Aaron Matthews steals 3rd, throwing error, E2
Aaron Matthews scores
2-0: Called Strike
2-1: Ball
3-1: Swinging Strike
3-2: Foul Ball, location: 2F
3-2: Fly out, F9 (Line Drive, 89M, EV 93.1 MPH)
Batting: RHB Nick Ogle 0-0: Foul Ball, location: 2F
0-1: Ball
1-1: Swinging Strike
1-2: Ball
2-2: Strikes out swinging
Bottom of the 6th over - 1 run, 1 hit, 1 error, 0 left on base; Cincinnati 10 - Cleveland 1
TOP OF THE 7TH
Cincinnati Reds batting - Pitching for Cleveland Guardians : LHP Rene Eenkhoorn
Batting: SHB Dave Barefoot 0-0: Foul Ball, location: 2F
0-1: Ball
1-1: Foul Ball, location: 2F
1-2: Strikes out swinging
Pitching: RHP Drew Rickelman
Batting: SHB Jun Tsuda 0-0: Ball
1-0: Fly out, F7 (Flyball, 7LM, EV 78.1 MPH)
Batting: LHB Chris Grunwald 0-0: Foul Ball, location: 2F
0-1: Ball
1-1: Foul Ball, location: 2F
1-2: Ball
2-2: Ball
3-2: Foul Ball, location: 2F
3-2: Fly out, F9 (Flyball, 9LS, EV 81.2 MPH)
Top of the 7th over - 0 runs, 0 hits, 0 errors, 0 left on base; Cincinnati 10 - Cleveland 1
BOTTOM OF THE 7TH
Cleveland Guardians batting - Pitching for Cincinnati Reds : LHP Brad Jonas
Batting: LHB Danny Dunham 0-0: Ball
1-0: Called Strike
1-1: Called Strike
1-2: Strikes out looking
Batting: RHB Jasper Burd 0-0: Ball
1-0: SINGLE (Groundball, 34D, EV 105.0 MPH) (infield hit)
Batting: LHB Jim Keefe 0-0: Called Strike
0-1: Ball
1-1: Swinging Strike
1-2: Strikes out swinging
Pitching: RHP Constantino Chamisso
Pinch Hitting: LHB Hector Pedroso 0-0: Ball
1-0: Ball
2-0: Swinging Strike
2-1: Foul Ball, location: 2F
2-2: Foul Ball, location: 2F
2-2: Strikes out swinging
Bottom of the 7th over - 0 runs, 1 hit, 0 errors, 1 left on base; Cincinnati 10 - Cleveland 1
TOP OF THE 8TH
Cincinnati Reds batting - Pitching for Cleveland Guardians : RHP Drew Rickelman
Now in LF: Hector Pedroso
Batting: RHB Fred Slade 0-0: Ball
1-0: Ground out 6-3 (Groundball, 6, EV 102.5 MPH)
Pinch Hitting: LHB Jon Ledesma 0-0: Ball
1-0: Foul Ball, location: 2F
1-1: Ball
2-1: Ball
3-1: Swinging Strike
3-2: Ground out 6-3 (Groundball, 6M, EV 93.8 MPH)
Batting: RHB Willie Lazcano 0-0: Ball
1-0: Swinging Strike
1-1: Foul Ball, location: 2F
1-2: Fly out, F7 (Flyball, 78S, EV 89.4 MPH)
Top of the 8th over - 0 runs, 0 hits, 0 errors, 0 left on base; Cincinnati 10 - Cleveland 1
BOTTOM OF THE 8TH
Cleveland Guardians batting - Pitching for Cincinnati Reds : RHP Constantino Chamisso
Now in RF: Jon Ledesma
Batting: LHB Jack Bell 0-0: Fly out, F8 (Flyball, 8LM, EV 88.1 MPH)
Batting: RHB Aaron Matthews 0-0: Swinging Strike
0-1: Foul Ball, location: 2F
0-2: Ball
1-2: Ball
2-2: Strikes out swinging
Batting: LHB Arvin Dungca 0-0: Ball
1-0: Ball
2-0: Ball
3-0: Called Strike
3-1: Base on Balls
Batting: RHB Christian Blue 0-0: Ball
1-0: Called Strike
1-1: Foul Ball, location: 2F
1-2: Strikes out swinging, 2-3 out at first.
Bottom of the 8th over - 0 runs, 0 hits, 0 errors, 1 left on base; Cincinnati 10 - Cleveland 1
TOP OF THE 9TH
Cincinnati Reds batting - Pitching for Cleveland Guardians : RHP Drew Rickelman
Pitching: LHP Katsumi Omura
Batting: RHB Joseph Kirchmann 0-0: DOUBLE (Line Drive, 7D, EV 103.1 MPH)
Batting: RHB Omar Quintana 0-0: Swinging Strike
0-1: Ball
1-1: Foul Ball, location: 2F
1-2: Foul Ball, location: 2F
1-2: Strikes out swinging
Batting: LHB Ricky Ayon 0-0: Foul Ball, location: 2F
0-1: Ball
1-1: Foul Ball, location: 2F
1-2: SINGLE (Line Drive, 4MD, EV 100.0 MPH)
Joseph Kirchmann to third
Runner from 3rd tries for Home, SAFE, throw by CF to home
Ricky Ayon to second
Batting: SHB Dave Barefoot 0-0: Called Strike
0-1: Ball
1-1: Ball
2-1: Ball
3-1: Foul Ball, location: 2F
3-2: SINGLE (Flyball, 8LS, EV 85.6 MPH)
Ricky Ayon to third
Runner from 3rd tries for Home, throw by CF and OUT! 8-2
Batting: SHB Jun Tsuda 0-0: Swinging Strike
0-1: Swinging Strike
0-2: 2-RUN HOME RUN (Flyball, 8RXD, EV 106.2 MPH), Distance : 416 ft
Batting: LHB Chris Grunwald 0-0: Ground out 4-3 (Groundball, 4, EV 98.1 MPH)
Top of the 9th over - 3 runs, 4 hits, 0 errors, 0 left on base; Cincinnati 13 - Cleveland 1
BOTTOM OF THE 9TH
Cleveland Guardians batting - Pitching for Cincinnati Reds : RHP Constantino Chamisso
Batting: RHB Nick Ogle 0-0: Called Strike
0-1: Swinging Strike
0-2: Hit by Pitch
Batting: LHB Danny Dunham 0-0: Ball
1-0: Foul Ball, location: 2F
1-1: DOUBLE (Line Drive, 78XD, EV 105.0 MPH)
Nick Ogle to third
Pinch Hitting: LHB Brent Albertson 0-0: Called Strike
0-1: Foul Ball, location: 2F
0-2: Ball
1-2: Ball
2-2: Strikes out looking
Batting: LHB Jim Keefe 0-0: Ball
1-0: Ball
2-0: Ball
3-0: Called Strike
3-1: Foul Ball, location: 2F
3-2: Ground out 6-3 (Groundball, 6, EV 86.2 MPH)
Nick Ogle scores
Batting: LHB Hector Pedroso 0-0: Ball
1-0: Foul Ball, location: 2F
1-1: Ball
2-1: Called Strike
2-2: Foul Ball, location: 2F
2-2: Ball
3-2: SINGLE (Line Drive, 56, EV 101.2 MPH)
Danny Dunham to third
Batting: LHB Jack Bell 0-0: Ball
1-0: Ground out 4-3 (Groundball, 4, EV 78.1 MPH)
Bottom of the 9th over - 1 run, 2 hits, 0 errors, 2 left on base; Cincinnati 13 - Cleveland 2
Tuesday, March 28th , 2023 - OOTP Baseball 23.10 Build 110